 Dungeon Crawl Stone Soup version 0.28-a0-983-g1de4e0787c (webtiles) character file.

Game seed: 3235414994215603180

29 Decritt the Gusty (level 3, -7/20 HPs)
             Began as a Tengu Air Elementalist on Dec 3, 2021.
             Killed by divine providence
             ... invoked by an orc priest
              (11 damage)
             ... on level 3 of the Dungeon.
             The game lasted 00:02:47 (1546 turns).

Decritt the Gusty (Tengu Air Elementalist)          Turns: 1546, Time: 00:02:48

Health: -7/20      AC:  6    Str:  8    XL:     3   Next: 16%
Magic:  1/7        EV: 27    Int: 17    God:
Gold:   100        SH:  0    Dex: 14    Spells: 5/6 levels left

rFire   + . .      SeeInvis .   c - +1 short sword (flame)
rCold   . . .      Faith    .   (no shield)
rNeg    . . .      Spirit   .   a - +0 robe
rPois   .          Reflect  .   (helmet restricted)
rElec   .          Harm     .   (no cloak)
rCorr   .          Rampage  .   (no gloves)
Will    .....                   (boots unavailable)
Stlth   ++........              i - amulet of the acrobat
HPRegen 0.06/turn               j - +4 ring of protection
MPRegen 0.10/turn               k - ring of protection from fire

@: acrobatic
A: beak, talons 3
a: no special abilities


You were on level 3 of the Dungeon.
You visited 1 branch of the dungeon, and saw 3 of its levels.

You collected 100 gold pieces.

Inventory:

Hand Weapons
 c - a +1 short sword of flaming (weapon)
Armour
 a - a +0 robe (worn)
Jewellery
 i - an amulet of the acrobat (around neck)
 j - a +4 ring of protection (left hand)
 k - a ring of protection from fire (right hand)
Scrolls
 b - 3 scrolls of identify {unknown}
 e - a scroll of immolation {unknown}
 f - a scroll of teleportation {unknown}
 g - a scroll of noise {unknown}
 h - 2 scrolls of fear {unknown}
Potions
 d - 2 potions of heal wounds {unknown}
 l - a potion of attraction {unknown}


   Skills:
 * Level 1.5 Fighting
 - Level 2.1 Dodging
 - Level 2.0 Stealth
 + Level 2.3 Spellcasting
 + Level 2.1 Conjurations
 + Level 4.3 Air Magic


You had 5 spell levels left.
You knew the following spells:

 Your Spells              Type           Power      Damage    Failure   Level
a - Shock                 Conj/Air       52%        1d6       4%          1

Your spell library contained the following spells:

 Spells                   Type           Power      Damage    Failure   Level
 Static Discharge         Conj/Air       13%        N/A       8%          2
 Swiftness                Air            16%        N/A       10%         3
 Blink                    Tloc           2%         N/A       28%         2
 Airstrike                Air            8%         N/A       30%         4
 Lesser Beckoning         Tloc           1%         N/A       50%         3
 Manifold Assault         Tloc           1%         N/A       99%         5


Dungeon Overview and Level Annotations

Branches:
Dungeon (3/15)

Altars:


Innate Abilities, Weirdness & Mutations

You have a beak for a mouth.
You have claws for feet.


Message History

You hit the orc priest but do no damage.
The orc priest is heavily wounded.
The orc closely misses you. The orc barely misses you.
The orc priest closely misses you.
You hit the orc priest but do no damage.
You claw the orc priest.
The orc priest is severely wounded.
The orc misses you. The orc closely misses you.
The orc priest hits you but does no damage.
You hit the orc priest but do no damage.
Your peck misses the orc priest.
The orc priest is severely wounded.
The orc barely misses you. The orc hits you with a +0 dagger.
The orc priest hits you but does no damage.
The orc barely misses you.
You barely miss the orc priest. Your kick misses the orc priest.
Your peck misses the orc priest.
The orc priest is severely wounded.
The orc barely misses you.
The orc priest hits you with a +0 short sword.
The orc closely misses you.
You barely miss the orc priest. You peck the orc priest.
The orc priest is severely wounded.
The orc closely misses you.
The orc priest hits you with a +0 short sword.
* * * LOW HITPOINT WARNING * * *
The orc barely misses you.
You barely miss the orc priest.
You claw the orc priest, but do no damage.
The orc priest is severely wounded.
The orc hits you with a +0 dagger.
* * * LOW HITPOINT WARNING * * *
The orc priest hits you with a +0 short sword.
* * * LOW HITPOINT WARNING * * *
The orc closely misses you. The orc completely misses you.
The orc priest mumbles some strange prayers to Beogh against you.
Beogh smites you!
Ouch! That really hurt!
You die...

#.#######.# #.....#
#.#.......# #.###.#
#.###.#########.# #.#
#....<....).....# #.#
###################.#
...................#
###......###########
.........# ###...o@.#
#...##.## #... #oo#
#.. ##J# ... .. ...
..# #.# .. ..$


You could see an orc priest, 2 orcs and an endoplasm.

Vanquished Creatures
  A dart slug (D:2)
  2 orcs (D:3)
  3 bats
  An endoplasm (D:1)
  4 goblins
  3 hobgoblins
  2 ball pythons
  A frilled lizard (D:2)
  4 kobolds
  3 rats
24 creatures vanquished.

Notes
Turn   | Place    | Note
-------+----------+-------------------------------------------
     0 | D:1      | Decritt the Tengu Air Elementalist began the quest for the
                  | Orb.
     0 | D:1      | Reached XP level 1. HP: 10/10 MP: 4/4
   216 | D:1      | Found a faded altar of an unknown god.
   267 | D:1      | Reached XP level 2. HP: 10/16 MP: 0/6
   270 | D:1      | Reached skill level 1 in Fighting
  1234 | D:2      | Reached XP level 3. HP: 20/20 MP: 2/7
  1546 | D:3      | Killed from afar by an orc priest

Illustrated notes

Levels and vault maps discovered:
D:1:      roderic_dead_forest, layout_loops_ring,
          shapermc_ecumenical_altar_mp_urbaneastern, minmay_hexomino_p4
D:2:      layout_basic
D:3:      layout_basic, minmay_circle_x, uniq_robin, uniq_sigmund,
          uniq_crazy_yiuf_cottage

Skill      XL: |  1  2 |
---------------+-------+-----
Fighting       | 1 |  1.5
Conjurations   | 2 |  2.1
Dodging        | |  2.1
Stealth        | |  2.0
Spellcasting   | |  2.3
Air Magic      | |  4.3

Action                   || total
-------------------------++-------
Melee: Short sword       ||    21
       Peck              ||     2
       Unarmed           ||     1
       Kick              ||     5
 Cast: Shock             ||    31
 Stab: Sleeping          ||     1
Armor: Robe              ||     6
Dodge: Dodged            ||    28

Table legend: (Time is in decaauts)
 A = Elapsed time spent in this place.
 B = Non-inter-level travel time spent in this place.
 C = Inter-level travel time spent in this place.
 D = Time resting spent in this place.
 E = Time spent auto-exploring this place.
 F = Levels seen in this place.
 G = Mean time per level.
                   A        B        C        D        E       F      G
               +--------+--------+--------+--------+--------+-----+--------+
         Total |   1546 |   1526 |     20 |      0 |   1291 |   3 |  515.3 |
       Dungeon |   1546 |   1526 |     20 |      0 |   1291 |   3 |  515.3 |
               +--------+--------+--------+--------+--------+-----+--------+

Top non-repeatable levels by time:
     D:1: 815 daAuts
     D:2: 634 daAuts
     D:3: 96 daAuts
